 Dungeon Crawl Stone Soup version 0.29.1-15-g9cfb28693d (webtiles) character file.

Game seed: 2072409692492376264

220 croobank the Insei (level 5, -8/35 HPs)
             Began as an Octopode Transmuter on Mar 13, 2023.
             Killed by divine providence
             ... invoked by an orc priest
              (11 damage)
             ... on level 4 of the Dungeon.
             The game lasted 00:07:00 (3828 turns).

croobank the Insei (Octopode Transmuter)            Turns: 3828, Time: 00:07:00

Health: -8/35      AC:  1    Str: 10    XL:     5   Next: 97%
Magic:  7/9        EV: 13    Int: 17    God:
Gold:   158        SH:  0    Dex: 12    Spells: 5/10 levels left

rFire   . . .      SeeInvis .   a - +0 short sword
rCold   . . .      Faith    .   (no shield)
rNeg    . . .      Spirit   .   (helmet restricted)
rPois   +          Reflect  .   (no amulet)
rElec   .          Harm     .   m - ring of poison resistance
rCorr   .          Rampage  .   (no ring)
Will    .....                   (no ring)
Stlth   ++........              (no ring)
HPRegen 0.11/turn               (no ring)
MPRegen 0.11/turn               (no ring)
                                (no ring)
                                (no ring)

@: wereblooded
A: almost no armour, amphibious, 8 rings, camouflage 1, gelatinous body 1,
(nimble swimmer 1), tentacles
a: no special abilities


You were on level 4 of the Dungeon.
You visited 1 branch of the dungeon, and saw 4 of its levels.

You collected 158 gold pieces.

Inventory:

Hand Weapons
 a - a +0 short sword (weapon)
 b - a +0 sling
 c - a +0 spear
 d - a +2 flail of holy wrath
 g - a +0 rapier
Armour
 o - an orb of wrath
Jewellery
 m - a ring of poison resistance (left tentacle)
Potions
 f - a potion of lignification
 h - a potion of flight
 i - 2 potions of might


   Skills:
 + Level 2.6 Fighting
 + Level 3.2 Dodging
 + Level 3.8 Unarmed Combat
 + Level 3.0 Spellcasting
 + Level 3.2 Transmutations


You had 5 spell levels left.
You knew the following spells:

 Your Spells              Type           Power      Damage    Failure   Level
a - Beastly Appendage     Tmut           26%        N/A       4%          1
b - Wereblood             Tmut           13%        N/A       7%          2
c - Blink                 Tloc           4%         N/A       26%         2

Your spell library contained the following spells:

 Spells                   Type           Power      Damage    Failure   Level
 Slow                     Hex            8%         N/A       17%         1
 Spider Form              Tmut/Pois      7%         N/A       26%         3
 Confusing Touch          Hex            2%         N/A       45%         3
 Gell's Gravitas          Tloc           2%         N/A       45%         3
 Lesser Beckoning         Tloc           2%         N/A       45%         3
 Stone Arrow              Conj/Erth      4%         3d7       45%         3
 Teleport Other           Tloc           2%         N/A       45%         3
 Vampiric Draining        Necr           2%         2d6       45%         3
 Ice Form                 Ice/Tmut       7%         N/A       65%         4
 Manifold Assault         Tloc           2%         N/A       99%         5
 Dispersal                Tloc           1%         N/A       100%        6
 Lehudib's Crystal Spear  Conj/Erth      1%         10d2      100%        8
 Animate Armour           Summ/Erth      Unusable   N/A       N/A         4

Dungeon Overview and Level Annotations

Branches:
Dungeon (4/15)
 Temple: D:4-7

Altars:
Cheibriados
Okawaru
Xom

Shops:
D:1 ?


Innate Abilities, Weirdness & Mutations

You cannot wear most types of armour.
You are amphibious.
You can wear up to eight rings at the same time.
Your skin changes colour to match your surroundings (Stealth+).
Your rubbery body absorbs attacks. (AC +1, EV +1)
((You are camouflaged when in or above water. (Stealth+)))
You have tentacles for arms and can constrict up to eight enemies at once.


Message History

You howl as the wereblood boils in your veins!
You hear a distant slurping noise.
The orc hits you with a +0 club. The orc priest closely misses you.
You hit the orc priest but do no damage.
You grab the orc priest.
You constrict the orc priest, but do no damage.
The orc hits you with a +0 club. The orc priest closely misses you.
The orc closely misses you. The orc priest misses you.
You are too injured to fight recklessly!
You hit the orc. You grab the orc.
You tentacle-slap the orc, but do no damage.
The orc is severely wounded.
You howl as the wereblood boils in your veins!
You constrict the orc priest. You constrict the orc.
The orc hits you with a +0 club. The orc priest misses you.
You hit the orc priest.
The orc priest is moderately wounded.
You constrict the orc priest, but do no damage.
You constrict the orc.
You feel a bit better.
You kill the orc!
You hear a distant slurping noise.
The orc priest calls down the wrath of Beogh upon you.
Beogh smites you!
* * * LOW HITPOINT WARNING * * *
You hit the orc priest but do no damage.
The orc priest is moderately wounded.
You constrict the orc priest. The orc priest barely misses you.
Okay, then.
You hit the orc priest but do no damage.
You squeeze the orc priest!
The orc priest is almost dead.
You constrict the orc priest, but do no damage.
The orc priest barely misses you.
You hit the orc priest but do no damage.
The orc priest is almost dead.
You howl as the wereblood boils in your veins!
You constrict the orc priest, but do no damage.
The orc priest invokes the aid of Beogh against you.
Beogh smites you!
You die...

.. ....
##+########.....
.......)<.......
.......@........
......o.).......
................
................
................
.#+#############


You could see an orc priest.

Vanquished Creatures
  A centaur skeleton (D:3)
  An orc priest (D:3)
  2 hound zombies (D:3)
  5 adders
  An adder skeleton (D:3)
  A worm (D:3)
  2 dart slugs
  3 orcs
  12 ball pythons
  6 endoplasms
  2 giant cockroaches
  2 goblins (D:1)
  6 hobgoblins
  9 jackals (D:1)
  4 quokkas
  A ball python skeleton (D:3)
  6 bats
  2 frilled lizards (D:1)
  4 kobolds
  A quokka skeleton (D:3)
  6 rats
77 creatures vanquished.

Vanquished Creatures (others)
  3 plants (D:1)
  3 withered plants (D:3)
6 creatures vanquished.

Grand Total: 83 creatures vanquished

Notes
Turn   | Place    | Note
-------+----------+-------------------------------------------
     0 | D:1      | croobank the Octopode Transmuter began the quest for the
                  | Orb.
     0 | D:1      | Reached XP level 1. HP: 13/13 MP: 3/3
   186 | D:1      | Found Bephah's Magic Scroll Emporium.
   248 | D:1      | Reached XP level 2. HP: 16/18 MP: 3/5
   510 | D:1      | Learned a level 2 spell: Wereblood
  1101 | D:1      | Reached XP level 3. HP: 17/23 MP: 3/6
  2098 | D:2      | Reached XP level 4. HP: 29/29 MP: 3/7
  2098 | D:2      | Found a faded altar of an unknown god.
  2770 | D:3      | Reached XP level 5. HP: 4/34 MP: 5/9
  3034 | D:3      | Found a snail-covered altar of Cheibriados.
  3425 | D:3      | Found a shadowy altar of Dithmenos.
  3429 | D:3      | Found a shimmering altar of Xom.
  3429 | D:3      | Found a shimmering altar of Xom.
  3431 | D:3      | Found a glowing silver altar of Zin.
  3431 | D:3      | Found an iron altar of Okawaru.
  3431 | D:3      | Found a hide-covered altar of Uskayaw.
  3689 | D:3      | Learned a level 2 spell: Blink
  3828 | D:4      | Killed from afar by an orc priest

Illustrated notes

Levels and vault maps discovered:
D:1:      grunt_arrival_crossed_arrows, layout_loops_ring, serial_forest,
          infiniplex_forest_clump_long, infiniplex_forest_end_2,
          infiniplex_forest_lined_2, infiniplex_forest_join,
          infiniplex_forest_diagonal, infiniplex_forest_zigzag_2,
          infiniplex_forest_corner_1, infiniplex_forest_straight_2,
          infiniplex_forest_clump_tiny, serial_shops, shop
D:2:      layout_loops_ring, nicolae_ecumenical_snake_handling, st_stairs_7,
          nicolae_elevator_lobby_plus
D:3:      layout_rooms, doesnt_xom_only_xom, mainiacjoe_overflow_alcove_2,
          serial_undead, serial_undead_f, serial_undead_e, serial_undead_b,
          serial_undead_d, serial_undead_b, serial_undead_d, serial_undead_e,
          minmay_misc_feat_more_columns
D:4:      layout_gridville, minmay_temple_entry_statues, uniq_grinder

Skill      XL: |  1  2  3  4  5 |
---------------+----------------+-----
Fighting       | 2 |  2.6
Dodging        | 3 |  3.2
Transmutations | 3 |  3.2
Spellcasting   | 3 |  3.0
Unarmed Combat | |  3.8

Action                   |  1- 3 |  4- 6 || total
-------------------------+-------+-------++-------
Melee: Short sword       |    86 |    89 ||   175
       Unarmed           |     4 |       ||     4
       Constrict         |    25 |    23 ||    48
       Kick              |    17 |    25 ||    42
       Tentacles         |    16 |    14 ||    30
       Punch             |     2 |     1 ||     3
 Cast: Beastly Appendage |    21 |    18 ||    39
       Wereblood         |    15 |    17 ||    32
  Use: Scroll            |       |     7 ||     7
       Potion            |       |     1 ||     1
 Stab: Sleeping          |     8 |     3 ||    11
Armor: Skin              |     5 |     6 ||    11
Dodge: Dodged            |    64 |    87 ||   151
